 Dungeon Crawl Stone Soup version 0.23.2 (webtiles) character file.

Game seed: 17720338069632838271

450 eccles the Firebug (level 6, -4/46 HPs)
             Began as a Draconian Fire Elementalist on Apr 10, 2019.
             Killed by divine providence
             ... invoked by an orc priest
              (9 damage)
             ... on level 4 of the Dungeon.
             The game lasted 00:36:41 (4404 turns).

eccles the Firebug (Draconian Fire Elementalist)    Turns: 4404, Time: 00:36:42

Health: -4/46      AC:  7    Str: 10    XL:     6   Next: 74%
Magic:  10/12      EV: 27    Int: 18    God:
Gold:   146        SH:  0    Dex: 11    Spells: 7/13 levels left

rFire    x . .     SeeInvis .   c - +0 short sword
rCold    + . .     Gourm    .   (no shield)
rNeg     . . .     Faith    .   (armour unavailable)
rPois    .         Spirit   .   (helmet restricted)
rElec    .         Reflect  .   n - +0 cloak
rCorr    .         Harm     .   (no gloves)
MR       .....                  (no boots)
Stlth    ++........             a - amulet of the acrobat
HPRegen  0.15/turn              m - ring of ice
MPRegen  0.13/turn              (no ring)

@: acrobat
A: unfitting armour, cold-blooded, AC +6
a: no special abilities


You were on level 4 of the Dungeon.
You were near starving.

You visited 1 branch of the dungeon, and saw 4 of its levels.

You collected 146 gold pieces.

Inventory:

Hand Weapons
 c - a +0 short sword (weapon)
Armour
 n - a +0 cloak (worn)
Jewellery
 a - an amulet of the acrobat (around neck)
 m - a ring of ice (left hand)
 r - an uncursed ring of teleportation
Scrolls
 e - a scroll of teleportation
 f - a scroll of immolation
 i - 3 scrolls of remove curse
 j - 5 scrolls of amnesia
 p - a scroll of fear
Potions
 d - a potion of ambrosia
 g - a potion of resistance {unknown}
 k - a potion of mutation {unknown}
 l - a potion of haste {unknown}
 o - a potion of agility {unknown}
 q - a potion of curing {unknown}
Comestibles
 b - 11 rations
 h - a chunk of flesh


   Skills:
 + Level 0.6 Fighting
 + Level 0.7 Short Blades
 + Level 2.5 Dodging
 - Level 2.0 Stealth
 + Level 0.1 Unarmed Combat
 * Level 4.0 Spellcasting
 * Level 3.1 Conjurations
 * Level 5.0 Fire Magic


You had 7 spell levels left.
You knew the following spells:

 Your Spells              Type           Power        Failure   Level  Hunger
a - Flame Tongue          Conj/Fire      ###..        2%          1    None
b - Throw Flame           Conj/Fire      ###...       4%          2    ##.....
c - Conjure Flame         Conj/Fire      ###.....     9%          3    ###....

Your spell library contained the following spells:

 Spells                   Type           Power        Failure   Level  Hunger
 Inner Flame              Hex/Fire       ##......     16%         3    ###....
 Sticky Flame             Conj/Fire      ###.....     26%         4    ####...
 Fireball                 Conj/Fire      ###.......   58%         5    ######.


Dungeon Overview and Level Annotations

Branches:
Dungeon (4/15)
 Temple: D:4-7

Altars:
Dithmenos
Gozag
The Shining One


Innate Abilities, Weirdness & Mutations

Your plain brown scales are hard. (AC +6)
You cannot fit into any form of body armour.
You are cold-blooded and may be slowed by cold attacks.


Message History

The orc shouts!
You are near starving!
The orc priest calls upon Beogh to heal the orc priest.
The orc priest's wounds heal themselves!
The orc priest casts a cantrip, but nothing happens.
The orc priest calls down the wrath of Beogh upon you.
Beogh smites you!
Found a ration.
The orc priest invokes the aid of Beogh against you.
Beogh smites you!
You see here a ration.
The orc priest calls down the wrath of Beogh upon you.
Beogh smites you!
* * * LOW HITPOINT WARNING * * *
The orc priest mumbles some strange prayers to Beogh against you.
You barely resist.
The orc priest looks braver for a moment.
The orc priest mumbles some strange prayers to Beogh against you.
Beogh smites you!
You die...

#.#......#....#.....#
#.#......####...###.#
#.##.##.#####.###
#.....(.....<.####
#.##.##.##..[...>#
#.##.##.##..>....#
#.#..# .##.......#
#.#.## .##.......##
#.#.###.##..@.....#
#.......##........#
###.##.###........#
#.#...###.#..##.#
#......##o##o##.#
#######...............#
..##................#.#
..##.####...##..##..#.#
.....#####.###..#......


You could see an orc priest and an orc.

Vanquished Creatures
  A sky beast (D:4)
  2 howler monkeys
  A hound (D:4)
  Crazy Yiuf (D:2)
  Robin (D:2)
  A howler monkey skeleton (D:4)
  A gnoll (D:1)
  6 adders
  3 adder skeletons (D:4)
  5 worms
  A dart slug (D:2)
  2 leopard geckos
  4 orcs (D:3)
  2 ball pythons
  5 bats
  6 giant cockroaches
  17 goblins
  9 hobgoblins
  11 jackals
  9 kobolds
  3 quokkas
  7 frilled lizards
  A giant cockroach zombie (D:1)
  A jackal zombie (D:1)
  9 rats
109 creatures vanquished.

Notes
Turn   | Place    | Note
-------+----------+-------------------------------------------
     0 | D:1      | eccles the Draconian Fire Elementalist began the quest for
                  | the Orb.
     0 | D:1      | Reached XP level 1. HP: 14/14 MP: 3/3
   295 | D:1      | Reached XP level 2. HP: 20/20 MP: 1/5
   517 | D:1      | Learned a level 2 spell: Throw Flame
   855 | D:1      | Reached XP level 3. HP: 17/26 MP: 1/6
  1391 | D:2      | Identified the +2 helmet "Vopnenak" {rF+ Dex+3}
  1391 | D:2      | Noticed Robin
  1738 | D:1      | Reached skill level 4 in Fire Magic
  1738 | D:1      | Reached XP level 4. HP: 24/33 MP: 0/8
  1888 | D:1      | Learned a level 3 spell: Conjure Flame
  1988 | D:2      | Killed Robin
  2517 | D:2      | Found a runed translucent door.
  2518 | D:2      | Noticed Crazy Yiuf
  2525 | D:2      | Killed Crazy Yiuf
  2643 | D:2      | Reached XP level 5. HP: 35/38 MP: 2/9
  3530 | D:3      | Found a glowing golden altar of the Shining One.
  4002 | D:4      | Found an opulent altar of Gozag.
  4022 | D:4      | Reached XP level 6. HP: 46/46 MP: 4/11
  4169 | D:4      | Found a shadowy altar of Dithmenos.
  4263 | D:4      | Noticed a sky beast
  4272 | D:4      | Killed a sky beast
  4272 | D:4      | Reached skill level 5 in Fire Magic
  4404 | D:4      | Killed from afar by an orc priest

Skill      XL: |  1  2  3  4  5  6 |
---------------+-------------------+-----
Stealth        | 2 |  2.0
Fire Magic     | 4 5 |  5.0
Dodging        | 2 |  2.5
Spellcasting   | 3 4 |  4.0
Conjurations   | 2 3 |  3.1
Fighting       | |  0.6
Short Blades   | |  0.7
Unarmed Combat | |  0.1

Action                   |  1- 3 |  4- 6 || total
-------------------------+-------+-------++-------
Melee: Unarmed           |    26 |       ||    26
       Tailslap          |     5 |     4 ||     9
       Short sword       |    45 |    58 ||   103
 Cast: Flame Tongue      |    45 |   131 ||   176
       Throw Flame       |    15 |    15 ||    30
       Conjure Flame     |       |     3 ||     3
  Use: Scroll            |       |     7 ||     7
  Eat: Chunk             |     4 |     8 ||    12
Armor: Skin              |    40 |    30 ||    70
Dodge: Dodged            |    93 |    81 ||   174
